 Dungeon Sprint DCSS version 0.30-a0-385-gfebfb9b408 (webtiles) character file.

Game seed: 18413533167018484675

620 rocky1 the Thaumaturge (level 7, -6/44 HPs)
             Began as a Deep Elf Conjurer on Dec 3, 2022.
             Was a High Priest of Vehumet.
             Mangled by a molten gargoyle
             ... wielding a +0 morningstar
              (9 damage)
             ... in the Dungeon (Sprint VII: "The Pits").
             The game lasted 00:06:27 (1193 turns).

rocky1 the Thaumaturge (Deep Elf Conjurer)          Turns: 1193, Time: 00:06:32

Health: -6/44      AC:  2    Str:  4    XL:     7   Next: 22%
Magic:  7/21       EV: 15    Int: 25    God:    Vehumet [*****.]
Gold:   0          SH:  0    Dex: 13    Spells: 3/24 levels left

rFire   . . .      SeeInvis .    l - +0 quarterstaff (speed)
rCold   . . .      Faith    .    (shield currently unavailable)
rNeg    . . .      Spirit   .    a - +0 robe
rPois   .          Reflect  .    (no helmet)
rElec   .          Harm     .    (no cloak)
rCorr   .          Rampage  .    (no gloves)
Will    .....      NoTele   +    (no boots)
Stlth   ++++......               (no amulet)
HPRegen 0.27/turn                (no ring)
MPRegen 0.17/turn                (no ring)

@: no status effects
A: no striking features
a: Renounce Religion


You were in the Dungeon.
You worshipped Vehumet.
Vehumet was extremely pleased with you.
You visited 1 branch

Inventory:

Hand Weapons
 h - a +2 quarterstaff
 l - a +0 quarterstaff of speed (weapon)
Armour
 a - a +0 robe (worn)
Scrolls
 g - a scroll of blinking
 j - 5 scrolls of amnesia
 k - a scroll of summoning
Potions
 b - 5 potions of magic
 c - 6 potions of curing
 d - 3 potions of heal wounds
 e - a potion of haste
 f - 2 potions of berserk rage
 i - 2 potions of invisibility


   Skills:
 - Level 5.4 Fighting
 - Level 8.5 Dodging
 - Level 9.1 Stealth
 + Level 9.3 Spellcasting
 + Level 8.9 Conjurations
 + Level 4.2 Fire Magic
 + Level 0.0 Earth Magic


You had 3 spell levels left.
You knew the following spells:

 Your Spells              Type           Power      Damage    Failure   Level
a - Magic Dart            Conj           100%       1d8       1%          1
b - Searing Ray           Conj           100%       2d8       1%          2
c - Iskenderun's Mystic   Conj/Tloc      34%        2d8       2%          4
d - Dazzling Flash        Conj/Hex       68%        N/A       1%          3
e - Fulminant Prism       Conj/Hex       17%        3d10      2%          4
f - Scorch                Fire           64%        2d8       1%          2
g - Lee's Rapid Deconstr  Erth           5%         3d6*      36%         5

Your spell library contained the following spells:

 Spells                   Type           Power      Damage    Failure   Level


Dungeon Overview and Level Annotations

Branches:
Dungeon (1/1)

Altars:
Ashenzari
Cheibriados
Dithmenos
Elyvilon
Fedhas
Gozag
Hepliaklqana
Kikubaaqudgha
Makhleb
Nemelex Xobeh
Okawaru
Qazlal
Ru
Sif Muna
Trog
Uskayaw
Vehumet
Wu Jian
Xom
Yredelemnul
Zin
The Shining One
Jiyva
Lugonu


Message History

The bolt of magma hits you!
The searing ray hits the molten gargoyle.
The molten gargoyle is moderately damaged.
Unknown command.
Casting: Searing Ray (safe; 1% risk of failure)
Confirm with . or Enter, or press ? or * to list all spells.
The spell is extremely dangerous to miscast (36% risk of failure)!
Continue anyway?
Aiming: Lee's Rapid Deconstruction (extremely dangerous; 36% risk of failure)
Press: ? - help, Dir - move target, p - molten gargoyle A metal wall.
The metal wall shatters!
The blast of metal fragments hits the molten gargoyle but does no damage.
The molten gargoyle is moderately damaged.
The blast of metal fragments hits the manticore.
The manticore is lightly wounded.
The molten gargoyle blasts magma at you!
The bolt of magma hits you!!
Ouch! That really hurt!
* * * LOW HITPOINT WARNING * * *
Unknown command.
You feel much better.
The molten gargoyle blasts magma at you!
The bolt of magma misses you.
Unknown command.
Casting: Lee's Rapid Deconstruction (extremely dangerous; 36% risk of failure)
Confirm with . or Enter, or press ? or * to list all spells.
The spell is extremely dangerous to miscast (36% risk of failure)!
Continue anyway?
Aiming: Lee's Rapid Deconstruction (extremely dangerous; 36% risk of failure)
Press: ? - help, Dir - move target A metal wall.
The metal wall shatters!
The blast of metal fragments hits the molten gargoyle but does no damage.
The molten gargoyle is moderately damaged.
The blast of metal fragments hits the manticore!
The manticore is moderately wounded.
The molten gargoyle hits you with a +0 morningstar!!
Ouch! That really hurt!
* * * LOW HITPOINT WARNING * * *
You are engulfed in flames!
You die...

#.###†###))##.......#
#.#.....#))##.......#
#.#.....#..##.......#
#.####'##'###...<...#
#.#........##.......#
#.#........##.......#
#'###########.......#
#.......#..##########
#..###..#@# ###
#.†.....#9# .w.#
##.###.##H#....#
#.......#.'....+
#..###..#÷#.H..#
#.......).#....#
########### ####


You could see a manticore and a molten gargoyle.

Vanquished Creatures
  A flying skull (D)
  A fire bat (D)
  A floating eye (D)
  An ice beast (D)
  A bullfrog (D)
  An iguana (D)
  A mummy (D)
  A white imp (D)
  An ufetubus (D)
  An orc (D)
  4 endoplasms (D)
  A goblin (D)
  3 jackals (D)
  A quokka (D)
  A frilled lizard (D)
  A quokka zombie (D)
21 creatures vanquished.

Notes
Turn   | Place    | Note
-------+----------+-------------------------------------------
     0 | D        | rocky1 the Deep Elf Conjurer began the quest for the Orb.
     0 | D        | Reached XP level 1. HP: 10/10 MP: 6/6
    21 | D        | Found a bloodstained altar of Trog.
    21 | D        | Found a shimmering blue altar of Sif Muna.
    21 | D        | Found a viscous altar of Jiyva.
    21 | D        | Found a hazy altar of Hepliaklqana.
    21 | D        | Found an opulent altar of Gozag.
    23 | D        | Found a glowing golden altar of the Shining One.
    23 | D        | Found a glowing silver altar of Zin.
    23 | D        | Found a basalt altar of Yredelemnul.
    23 | D        | Found a shimmering altar of Xom.
    23 | D        | Found an ornate altar of the Wu Jian Council.
    23 | D        | Found a sacrificial altar of Ru.
    23 | D        | Found a stormy altar of Qazlal.
    23 | D        | Found an iron altar of Okawaru.
    23 | D        | Found a sparkling altar of Nemelex Xobeh.
    23 | D        | Found a burning altar of Makhleb.
    23 | D        | Found a blossoming altar of Fedhas.
    23 | D        | Found a white marble altar of Elyvilon.
    23 | D        | Found a shadowy altar of Dithmenos.
    23 | D        | Found a snail-covered altar of Cheibriados.
    25 | D        | Found a radiant altar of Vehumet.
    25 | D        | Found a corrupted altar of Lugonu.
    26 | D        | Found a hide-covered altar of Uskayaw.
    26 | D        | Found an ancient bone altar of Kikubaaqudgha.
    26 | D        | Found a broken altar of Ashenzari.
    35 | D        | Became a worshipper of Vehumet
    75 | D        | Noticed a floating eye
    78 | D        | Reached skill level 5 in Conjurations
    80 | D        | Paralysed by a floating eye for 3 turns
    86 | D        | Killed a floating eye
    87 | D        | Reached skill level 5 in Dodging
    87 | D        | Reached skill level 5 in Stealth
    87 | D        | Reached skill level 5 in Spellcasting
    87 | D        | Reached XP level 2. HP: 18/18 MP: 5/10
    87 | D        | Reached XP level 3. HP: 22/22 MP: 6/12
    87 | D        | Reached XP level 4. HP: 27/27 MP: 6/13
   249 | D        | Reached * piety under Vehumet
   249 | D        | Offered knowledge of Sandblast by Vehumet.
   291 | D        | Learned a level 2 spell: Searing Ray
   296 | D        | Learned a level 4 spell: Iskenderun's Mystic Blast
   300 | D        | Learned a level 3 spell: Dazzling Flash
   305 | D        | Learned a level 4 spell: Fulminant Prism
   328 | D        | Noticed a fire bat
   337 | D        | Killed a fire bat
   338 | D        | Reached XP level 5. HP: 33/33 MP: 9/17
   393 | D        | Reached ** piety under Vehumet
   452 | D        | Offered knowledge of Scorch by Vehumet.
   456 | D        | Learned a level 2 spell: Scorch
   488 | D        | Noticed a flying skull
   509 | D        | Killed a flying skull
   509 | D        | Offered knowledge of Frozen Ramparts by Vehumet.
   509 | D        | Reached *** piety under Vehumet
   510 | D        | Reached XP level 6. HP: 27/40 MP: 13/19
   586 | D        | Noticed an ice beast
   590 | D        | Reached skill level 5 in Fighting
   594 | D        | Killed an ice beast
   595 | D        | Reached XP level 7. HP: 44/44 MP: 14/21
   746 | D        | Offered knowledge of Mephitic Cloud by Vehumet.
   746 | D        | Reached **** piety under Vehumet
   874 | D        | Offered knowledge of Lee's Rapid Deconstruction by Vehumet.
   874 | D        | Reached ***** piety under Vehumet
   881 | D        | Learned a level 5 spell: Lee's Rapid Deconstruction
  1181 | D        | Noticed a molten gargoyle
  1181 | D        | Noticed a manticore
  1193 | D        | Mangled by a molten gargoyle

Illustrated notes

Levels and vault maps discovered:
D:        pitsprint [storerooms_1, entrance_room_1, metal_vault_3, armoury_2,
          mini_pit_1, grid_room_1, main_hall_1, silver_pit, the_coven_3,
          the_vestibule_1, steel_vault_5, golden_pit, hallway_of_sentries,
          crystal_vault_6, iron_vault_4, final_vault]

Skill      XL: |  1  2  3  4  5  6 |
---------------+-------------------+-----
Conjurations   | 6 7 8 |  8.9
Fighting       | 2 4 5 |  5.4
Dodging        | 5 6 7 8 |  8.5
Stealth        | 5 7 8 9 |  9.1
Spellcasting   | 5 7 8 9 |  9.3
Fire Magic     | 3 4 |  4.2

Action                   |  1- 3 |  4- 6 |  7- 9 || total
-------------------------+-------+-------+-------++-------
Melee: Quarterstaff      |     6 |    13 |     1 ||    20
 Cast: Magic Dart        |     5 |    21 |     1 ||    27
       Searing Ray       |       |     6 |     3 ||     9
       Scorch            |       |       |     6 ||     6
       Lee's Rapid Decon |       |       |     2 ||     2
  Use: Potion            |       |     3 |     1 ||     4
Dodge: Dodged            |     1 |    25 |     2 ||    28

Table legend: (Time is in decaauts)
 A = Elapsed time spent in this place.
 B = Non-inter-level travel time spent in this place.
 C = Inter-level travel time spent in this place.
 D = Time resting spent in this place.
 E = Time spent auto-exploring this place.
 F = Levels seen in this place.
 G = Mean time per level.
                   A        B        C        D        E       F      G
               +--------+--------+--------+--------+--------+-----+--------+
         Total |   1200 |   1181 |     19 |    926 |      0 |   1 | 1200.0 |
       Dungeon |   1200 |   1181 |     19 |    926 |      0 |   1 | 1200.0 |
               +--------+--------+--------+--------+--------+-----+--------+

Top non-repeatable levels by time:
       D: 1200 daAuts
